 Dungeon Crawl Stone Soup version 0.30-b1-2-g02819fbbbe (webtiles) character file.

Game seed: 13957169880349354562

5730 graymark the Thaumaturge (level 11, -13/68 HPs)
             Began as a Djinni Fire Elementalist on May 26, 2023.
             Mangled by a shadow (27 damage)
             ... on level 9 of the Dungeon.
             The game lasted 00:27:34 (6640 turns).

graymark the Thaumaturge (Djinni Fire Elementalist) Turns: 6640, Time: 00:27:35

Health: -13/68     AC:  5    Str: 10    XL:     11   Next: 5%
Gold:   214        EV: 16    Int: 16    God:
                   SH:  0    Dex: 15

rFire   + + +        q - +1 dagger (protect)
rCold   + . .        (no shield)
rNeg    . . .        o - +1 robe of Panentheism {Regen+ MP+9 Str+3 Int-4}
rPois   ∞            c - +0 helmet
rElec   .            D - scarf {rC+ rF+}
rCorr   .            r - +0 pair of gloves
SInv    .            (boots unavailable)
Will    +....        (no amulet)
Stlth   +++          g - ring of protection from cold
HPRegen 1.11/turn    (no ring)
MPRegen 0.00/turn

%: infuse magic (-14 HP)
@: flying
A: sickness immunity, fire resistance 2, cold vulnerability 1, float, innate
caster, HP casting, extra vitality 1
a: no special abilities


You were on level 9 of the Dungeon.
You visited 1 branch of the dungeon, and saw 9 of its levels.

You collected 538 gold pieces.
You spent 324 gold pieces at shops.

Inventory:

Hand Weapons
 q - a +1 dagger of protection (weapon)
 w - a +2 spear of freezing
Armour
 a - a +0 robe
 c - a +0 helmet (worn)
 k - a +1 cloak
 o - the +1 robe of Panentheism (worn) {Regen+ MP+9 Str+3 Int-4}
   (You bought it in a shop on level 4 of the Dungeon)

   Str:       It affects your strength (+3).
   Int:       It affects your intelligence (-4).
   MP:        It affects your magic capacity (+9).
   Regen:     It increases your rate of health regeneration.
 r - a +0 pair of gloves (worn)
 B - a +2 robe of cold resistance
 D - a scarf of resistance (worn)
Magical Staves
 j - a staff of earth
 x - a staff of cold
Jewellery
 g - a ring of protection from cold (left hand)
 h - a ring of protection from fire
Wands
 l - a wand of light (3)
 t - a wand of paralysis (9)
 y - a wand of mindburst (12)
 A - a wand of flame (12)
Scrolls
 b - 5 scrolls of poison
 d - 2 scrolls of fear
 f - a scroll of brand weapon
 u - a scroll of teleportation
 v - 3 scrolls of blinking
 E - a scroll of silence {unknown}
Potions
 e - 4 potions of ambrosia
 i - 4 potions of mutation
 m - a potion of cancellation {unknown}
 p - 2 potions of might
 s - a potion of invisibility
 z - a potion of lignification
 C - a potion of heal wounds


   Skills:
 + Level 2.3 Fighting
 + Level 8.9 Dodging
 - Level 7.0 Stealth
 * Level 9.1 Spellcasting


You knew the following spells:

 Your Spells              Type           Power      Damage    Failure   Level
a - Foxfire               Conj/Fire      100%       2x1d9     1%          1
b - Scorch                Fire           72%        2d8       1%          2
c - Volatile Blastmotes   Fire/Tloc      72%        2d16      1%          3
d - Inner Flame           Hex/Fire       36%        N/A       1%          3
e - Flame Wave            Conj/Fire      36%        2d10      2%          4
f - Slow                  Hex            100%       N/A       1%          1
g - Momentum Strike       Conj/Tloc      72%        3d10      1%          2
h - Blink                 Tloc           72%        N/A       1%          2
i - Airstrike             Air            18%        2d(3-19)  2%          4
j - Summon Lightning Spi  Summ/Air       36%        N/A       2%          4
Your spell library was empty.

Dungeon Overview and Level Annotations

Branches:
Dungeon (9/15)               Lair (0/5) D:8
 Temple: D:4-7          Orc: D:9-12

Altars:
Nemelex Xobeh
Xom

Shops:
D:4 [(?[   D:6 [

Annotations:
D:3 exclusion: downstairs
D:4 Duvessa, Eustachio
D:6 ring!


Innate Abilities, Weirdness & Mutations

You are immune to sickness and miasma.
You are immune to poison.
Your flesh is very heat resistant. (rF++)
You are vulnerable to cold. (rC-)
You float through the air rather than walking.
You learn spells naturally, not from books.
Your magical power is your life essence.
You have superior vitality. (+4 MHP)


Message History

Flames lash the wyvern.
The wyvern is burned terribly!
The wyvern is severely wounded.
* * * LOW HITPOINT WARNING * * *
The hornet stings you!
* * * LOW HITPOINT WARNING * * *
The hornet barely misses you.
You feel better. The hornet misses you. The shadow attacks as you move away!
The shadow closely misses you. The hornet completely misses you.
You see here a +2 whip of draining.
Casting: Scorch (safe; 1% risk of failure)
Confirm with . or Enter, or press ? or * to list all spells.
Casting: Flame Wave (dangerous; 2% risk of failure)
Press: ? - help, Dir - look around, f - activate A wave of flame ripples out!
The flame wave engulfs the hornet.
The hornet is burned terribly!
The hornet is almost dead. (Press . to intensify the flame waves.)
* * * LOW HITPOINT WARNING * * *
The hornet misses you.
The shadow slips into darkness.
The shadow flickers and vanishes!
Deactivating autopickup; reactivate with Ctrl-A.
A wave of flame ripples out!
The flame wave engulfs the hornet!
The hornet is burned terribly!
You kill the hornet!
The flame wave engulfs something!
The flame wave engulfs the wyvern!
The wyvern is burned terribly!
You kill the wyvern!
* * * LOW HITPOINT WARNING * * *
Your Fighting skill increases to level 2!
Your Spellcasting skill increases to level 9!
You have reached level 11!
The power to cast Summon Lightning Spire wells up from within.
Spell assigned to 'j'.
A wave of flame ripples out!
The flame wave engulfs something.
* * * LOW HITPOINT WARNING * * *
You finish channelling waves of flame.
The shadow strikes at you from the darkness!
You die...

#.......##.## ##.##.
##########..###.###. #
#.......... #.
#...####### .## #...#
.. #...#
#.########...#####
###.#...............
#..†.@......>.......
.....#†#...............
#.# #.########...#####
.. #...# ##. #.<[# #.
#...# #. #...# #. .#


There were no monsters in sight!

Vanquished Creatures
  A two-headed ogre (D:9)
  Pikel (D:6)
  Maurice (D:8)
  A rime drake (D:8)
  2 polar bears (D:8)
  A hornet (D:9)
  Grinder (D:5)
  A shadow (D:9)
  2 wyverns (D:9)
  Edmund (D:4)
  An acid dragon (D:9)
  A water moccasin (D:6)
  An orc warrior (D:8)
  5 ice beasts (D:8)
  2 black bears
  2 wolves (D:8)
  3 lemures (D:6)
  2 centaurs (D:8)
  2 phantoms
  2 kobold brigands
  Blork the orc (D:5)
  2 bullfrogs
  3 scorpions
  4 killer bees (D:9)
  An electric eel (D:9)
  3 howler monkeys
  2 gnoll boudas
  2 hounds (D:5)
  2 orc priests
  4 orc wizards
  15 gnolls
  5 adders
  A white imp (D:5)
  2 dart slugs (D:1)
  13 orcs
  11 endoplasms
  2 giant cockroaches
  8 goblins
  8 hobgoblins
  7 jackals (D:2)
  9 kobolds
  6 quokkas
  11 ball pythons
  6 bats
  A frilled lizard (D:2)
  9 rats
171 creatures vanquished.

Vanquished Creatures (collateral kills)
  2 foxfires (D:9)
2 creatures vanquished.

Vanquished Creatures (others)
  576 foxfires
  54 plants (D:9)
  4 toadstools (D:1)
634 creatures vanquished.

Grand Total: 807 creatures vanquished

Notes
Turn   | Place    | Note
-------+----------+-------------------------------------------
     0 | D:1      | graymark the Djinni Fire Elementalist began the quest for
                  | the Orb.
     0 | D:1      | graymark set off with the following spells memorised:
                  | Foxfire, Scorch, Volatile Blastmotes, Inner Flame, Flame
                  | Wave.
     0 | D:1      | Reached XP level 1. HP: 15/15 MP: 0/0
    29 | D:1      | Reached XP level 2. HP: 14/21 MP: 0/0
   311 | D:1      | Reached XP level 3. HP: 20/25 MP: 0/0
   311 | D:1      | Learned a level 1 spell: Slow
   457 | D:1      | You are sucked into a shaft and drop 1 floor!
   546 | D:2      | Reached skill level 3 in Spellcasting
   684 | D:2      | Reached XP level 4. HP: 24/31 MP: 0/0
  1925 | D:3      | Reached XP level 5. HP: 16/35 MP: 0/0
  1925 | D:3      | Learned a level 2 spell: Momentum Strike
  2613 | D:3      | Found a sparkling altar of Nemelex Xobeh.
  2766 | D:4      | Reached XP level 6. HP: 17/40 MP: 0/0
  2918 | D:4      | Found Pippio's Antique Weapon Boutique.
  2919 | D:4      | Found Puanor's Armour Boutique.
  2920 | D:4      | Found Kaeng's Antique Armour Boutique.
  2924 | D:4      | Found Oqop's Magic Scroll Boutique.
  2924 | D:4      | Noticed Edmund
  3065 | D:4      | Reached skill level 4 in Spellcasting
  3095 | D:4      | Killed Edmund
  3198 | D:4      | Noticed Eustachio
  3353 | D:4      | Noticed Duvessa
  3450 | D:4      | Bought the +1 robe of Panentheism {Regen+ MP+9 Str+3 Int-4}
                  | for 324 gold pieces
  3454 | D:5      | Entered Level 5 of the Dungeon
  3483 | D:5      | Noticed Blork the orc
  3487 | D:5      | Killed Blork the orc
  3488 | D:5      | Reached XP level 7. HP: 33/45 MP: 0/0
  3488 | D:5      | Learned a level 2 spell: Blink
  3648 | D:4      | Reached skill level 5 in Spellcasting
  3666 | D:5      | Reached XP level 8. HP: 13/50 MP: 0/0
  3705 | D:5      | Reached skill level 5 in Dodging
  3758 | D:5      | Noticed Grinder
  3777 | D:5      | Paralysed by Grinder for 2 turns
  3782 | D:5      | Killed Grinder
  4524 | D:6      | Noticed Pikel
  4615 | D:6      | Reached skill level 6 in Spellcasting
  4632 | D:6      | Reached XP level 9. HP: 53/55 MP: 0/0
  4632 | D:6      | Learned a level 4 spell: Airstrike
  4689 | D:6      | Killed Pikel
  4690 | D:6      | Reached skill level 5 in Stealth
  5138 | D:6      | Found Erecilan's Armour Shoppe.
  5287 | D:8      | Noticed Maurice
  5297 | D:8      | Killed Maurice
  5298 | D:8      | Reached skill level 7 in Spellcasting
  5671 | D:8      | Reached XP level 10. HP: 37/60 MP: 0/0
  5762 | D:8      | Reached skill level 8 in Spellcasting
  5858 | D:8      | Found a staircase to the Lair.
  5872 | D:8      | Noticed a rime drake
  5878 | D:8      | Killed a rime drake
  5924 | D:8      | Found a shimmering altar of Xom.
  6509 | D:9      | Noticed a two-headed ogre
  6519 | D:9      | Killed a two-headed ogre
  6520 | D:9      | Reached skill level 1 in Fighting
  6635 | D:9      | HP: 3/64 [hornet (7)]
  6640 | D:9      | Reached skill level 9 in Spellcasting
  6640 | D:9      | Reached XP level 11. HP: 14/68 MP: 0/0
  6640 | D:9      | Learned a level 4 spell: Summon Lightning Spire
  6640 | D:9      | Mangled by a shadow

Illustrated notes

Levels and vault maps discovered:
D:1:      amcnicky_arrival_blooded_trapdoor, layout_basic, serial_corexii_hall,
          chequers_hall_statues_y, corexii_hall_statues_i,
          minmay_gold_behind_fungi, chequers_arboretum
D:2:      layout_loops_ring
D:3:      layout_rooms, nemelex_diamond_rough_becter, kennysheep_small_spiral
D:4:      layout_loops_ring, chequers_temple_overflow_statue_of_worship,
          minmay_temple_entry_wispy, minmay_shop_grid_forest, uniq_eustachio,
          uniq_edmund, uniq_robin, uniq_duvessa
D:5:      layout_basic, uniq_blork_the_orc, uniq_grinder
D:6:      lemuel_ice_spiral_2, layout_basic, serial_shops,
          nicolae_take_the_stairs, uniq_pikel
D:7:      layout_basic, lemuel_round_altar
D:8:      layout_basic, mainiacjoe_overflow_boulevard, hellmonk_lair_entry_icy,
          uniq_maurice
D:9:      layout_loops_cross, trog_three_pillars_becter, serial_bayou,
          serial_bayou_pond_b, serial_bayou_pond_c, serial_bayou_lagoon_a,
          serial_bayou_crossing

Skill      XL: |  1  2  3  4  5  6  7  8  9 10 |
---------------+-------------------------------+-----
Stealth        | 2 3 4 6 7 |  7.0
Spellcasting   | 3 4 5 6 7 9 |  9.1
Dodging        | 3 4 6 7 8 |  8.9
Fighting       | 2 |  2.3

Action                     |  1- 3 |  4- 6 |  7- 9 | 10-12 || total
---------------------------+-------+-------+-------+-------++-------
  Melee: Unarmed           |       |     2 |       |       ||     2
         Dagger            |       |     5 |       |       ||     5
   Cast: Foxfire           |    78 |   138 |   100 |    44 ||   360
         Scorch            |     3 |    19 |    49 |    31 ||   102
         Slow              |       |     2 |    12 |       ||    14
         Volatile Blastmot |       |       |    20 |    13 ||    33
         Airstrike         |       |       |     4 |    16 ||    20
         Flame Wave        |       |       |     1 |     3 ||     4
    Use: Scroll            |     1 |     5 |    12 |     2 ||    20
         Potion            |       |     2 |       |     1 ||     3
 Armour: Robe              |     3 |     9 |    11 |     6 ||    29
         Skin              |       |     3 |       |       ||     3
  Dodge: Dodged            |     7 |    43 |    26 |    27 ||   103
